 Dungeon Crawl Stone Soup version 0.30.1-10-g1249ef9ec4 (webtiles) character file.

Game seed: 9265796931905726566

783 KittyFluff the Cudgeller (level 7, -4/44 HPs)
             Began as a Gargoyle Berserker on Oct 26, 2023.
             Was a Priest of Trog.
             Slain by an ogre
             ... wielding a +0 giant spiked club
              (30 damage)
             ... on level 5 of the Dungeon.
             The game lasted 00:15:23 (4010 turns).

KittyFluff the Cudgeller (Gargoyle Berserker)       Turns: 4010, Time: 00:15:23

Health: -4/44      AC: 15    Str: 29    XL:     7   Next: 86%
Magic:  7/7        EV: 12    Int:  7    God:    Trog [***...]
Gold:   263        SH:  3    Dex:  9    Spells: 6/6 levels left

rFire   . . .        a - +0 mace
rCold   + . .        r - +0 buckler
rNeg    + . .        u - +2 robe {rC+}
rPois   ∞            x - +2 helmet
rElec   +            (no cloak)
rCorr   .            e - +2 pair of gloves
SInv    .            (no boots)
Will    .....        (no amulet)
Stlth   +            n - +6 ring of strength
HPRegen 0.27/turn    (no ring)
MPRegen 0.10/turn

%: no passive effects
@: no status effects
A: sickness immunity, AC +4, negative energy resistance 1, electricity
resistance, torment resistance 1, petrification resistance
a: Renounce Religion, Berserk, Trog's Hand


You were on level 5 of the Dungeon.
You worshipped Trog.
Trog was most pleased with you.
You visited 1 branch of the dungeon, and saw 5 of its levels.

You collected 263 gold pieces.

Inventory:

Hand Weapons
 a - a +0 mace (weapon)
 m - a +0 sling
Missiles
 k - 8 poisoned darts (quivered)
 v - 2 boomerangs
Armour
 b - a +0 leather armour
 e - a +2 pair of gloves (worn)
 r - a +0 buckler (worn)
 u - a +2 robe of cold resistance (worn)
 x - a +2 helmet (worn)
 y - a +0 tower shield
Jewellery
 n - a +6 ring of strength (left hand)
Wands
 w - a wand of iceblast (5)
Scrolls
 c - 2 scrolls of teleportation {unknown}
 d - a scroll of blinking {unknown}
 f - 2 scrolls of fear {unknown}
 g - a scroll of magic mapping {unknown}
 h - 8 scrolls of identify {unknown}
 p - 2 scrolls of fog {unknown}
 q - a scroll of enchant weapon {unknown}
 t - 2 scrolls of immolation {unknown}
 z - a scroll of amnesia {unknown}
Potions
 i - 2 potions of degeneration {unknown}
 j - a potion of brilliance {unknown}
 l - 3 potions of mutation {unknown}
 o - a potion of flight {unknown}
 s - a potion of might {unknown}


   Skills:
 + Level 4.9 Fighting
 * Level 5.6 Maces & Flails
 * Level 5.5 Armour
 + Level 3.2 Dodging
 + Level 1.5 Shields


You had 6 spell levels left.
You didn't know any spells.
Your spell library was empty.

Dungeon Overview and Level Annotations

Branches:
Dungeon (5/15)
 Temple: D:4-7

Altars:
Kikubaaqudgha
Makhleb
Sif Muna

Shops:
D:2 [


Innate Abilities, Weirdness & Mutations

You are immune to sickness and miasma.
Your stone body is resilient. (AC +4)
You are immune to poison.
You resist negative energy. (rN+)
You are resistant to electric shocks. (rElec)
You are resistant to unholy torment.
You are immune to petrification.


Message History

The orc is almost dead.
The orc hits you but does no damage.
You sock the orc!
You kill the orc!
Trog accepts your kill.
The orc priest miscasts a cantrip.
You miss something. Something hits you but does no damage.
You hear some strange, mumbled words.
You are confused.
You closely miss something. Something hits you but does no damage.
You hit something but do no damage.
You hear the slow hiss of a very distant avalanche of sand.
Something hits you but does no damage.
You barely miss something.
You hear some strange, mumbled words.
A puff of flame appears from out of thin air!
The puff of flame hits you but does no damage.
You completely miss something. Something hits you but does no damage.
You feel less confused.
You hit something. Something hits you but does no damage.
You hit something but do no damage. You block something's attack.
You closely miss something. Something hits you.
You hit something.
Something hits you but does no damage. x2
You closely miss something. Something hits you but does no damage.
You hit something but do no damage.
The orc priest looks braver for a moment.
Something hits you but does no damage.
You sock something! Trog accepts your kill.
Trog appreciates your killing of a magic user.
Reactivating autopickup.
You feel a bit more experienced.
You sock the ogre!
The ogre is moderately wounded.
The ogre hits you with a +0 giant spiked club!!
You hit the ogre.
The ogre is moderately wounded.
The ogre hits you with a +0 giant spiked club!!
Ouch! That really hurt!
You die...

.......
#........)..†.<).
.......
#................
.......
##...).....#>.... ..ooO.
##...#...##..... ....
###.###........ # #..##
#....##.##..... .< #..##
####.......##..... ##.
#..####.......#####.....
.... ##.#.oO@##....#
##.### ##...
##...#####....# #.#
......#..### #....# #.#
#......# ###### #.#
...........#
#.#.##.##...# .. ..
..>..# ## ##. .#.#.# ..
.....+


You could see an ogre and an orc priest.

Vanquished Creatures
  Sigmund (D:3)
  2 ogres (D:4)
  A phantom (D:5)
  A scorpion (D:5)
  3 hounds (D:4)
  An orc priest (D:3)
  Terence (D:3)
  2 orc wizards (D:5)
  Ijyb (D:3)
  A dart slug (D:4)
  11 orcs
  8 bats
  8 endoplasms
  4 giant cockroaches
  11 goblins
  8 hobgoblins
  14 kobolds
  4 quokkas
  6 ball pythons
  A frilled lizard (D:1)
  7 rats
96 creatures vanquished.

Notes
Turn   | Place    | Note
-------+----------+-------------------------------------------
     0 | D:1      | KittyFluff the Gargoyle Berserker began the quest for the
                  | Orb.
     0 | D:1      | Reached XP level 1. HP: 14/14 MP: 1/1
   190 | D:1      | Reached XP level 2. HP: 19/19 MP: 2/2
   532 | D:1      | Reached XP level 3. HP: 23/23 MP: 3/3
   643 | D:1      | Reached ** piety under Trog
  1003 | D:2      | Found an ancient bone altar of Kikubaaqudgha.
  1116 | D:2      | Found Gaepnan's Armour Shop.
  1658 | D:3      | Noticed Terence
  1872 | D:3      | Killed Terence
  1873 | D:3      | Reached XP level 4. HP: 17/29 MP: 4/4
  1996 | D:3      | Reached XP level 5. HP: 22/33 MP: 5/5
  2067 | D:3      | Found a shimmering blue altar of Sif Muna.
  2198 | D:3      | Noticed Sigmund
  2230 | D:3      | Killed Sigmund
  2231 | D:3      | Reached XP level 6. HP: 4/38 MP: 6/6
  2691 | D:3      | Found a burning altar of Makhleb.
  2924 | D:3      | Noticed Ijyb
  2949 | D:3      | Killed Ijyb
  3193 | D:4      | Reached skill level 5 in Maces & Flails
  3193 | D:4      | Reached XP level 7. HP: 38/44 MP: 7/7
  3569 | D:4      | Reached skill level 5 in Armour
  3589 | D:4      | Reached *** piety under Trog
  3856 | D:5      | Entered Level 5 of the Dungeon
  3872 | D:5      | Reached skill level 1 in Shields
  4010 | D:5      | Slain by an ogre

Illustrated notes

Levels and vault maps discovered:
D:1:      nicolae_arrival_washed_ashore, layout_loops_ring,
          chequers_serial_rivers_micro_c
D:2:      layout_basic, basic_altar, serial_shops, shop_fountains,
          dreamdust_mushroom_princess
D:3:      layout_basic, bloody_makhleb, mainiacjoe_overflow_six_doors_small,
          palyth_stone_intersect, minivault_14, dreamdust_princess_corridor,
          minmay_misc_feat_plants, uniq_ijyb, uniq_terence, uniq_sigmund
D:4:      layout_basic
D:5:      layout_rooms, nicolae_overflow_hidden_temple,
          minmay_temple_entry_fiery, enter_ossuary_1, serial_aquarium,
          aquarium_bridge_square [aquarium_subvault_bridge,
          aquarium_subvault_balcony, aquarium_subvault_wall,
          aquarium_subvault_wall], aquarium_window_2, aquarium_window_1,
          aquarium_window_1, aquarium_view_2d, aquarium_pool_corner,
          minmay_misc_feat_five, minmay_manual_mares, uniq_grinder,
          uniq_eustachio

Skill      XL: |  1  2  3  4  5  6  7 |
---------------+----------------------+-----
Armour         | 3 4 5 |  5.5
Dodging        | 2 3 |  3.2
Fighting       | 4 |  4.9
Maces & Flails | 4 5 |  5.6
Shields        | 1 |  1.5

Action                     |  1- 3 |  4- 6 |  7- 9 || total
---------------------------+-------+-------+-------++-------
  Melee: Mace              |   158 |   114 |   107 ||   379
         Punch             |     1 |       |       ||     1
 Invoke: Berserk           |       |     2 |       ||     2
   Stab: Sleeping          |     2 |       |       ||     2
 Armour: Animal skin       |    60 |    33 |       ||    93
         Robe              |       |    29 |    73 ||   102
  Dodge: Dodged            |   121 |    71 |    57 ||   249
  Block: Buckler           |       |     7 |    16 ||    23
